Map: Odyssey LE

Players

SamuraiFunn - Winner!

  • Race: Protoss Protoss
  • League: Platinum
  • Spawn Location: 5:00

A.I. 1 (Harder)

  • Race: Terran Terran
  • Spawn Location: 11:00

VOD

Have the link to the VOD?

Description

Time

  • Played on: Dec. 1, 2017, 8:22 p.m.
  • Length: 12:35
Show
View Real Time Build Order
Export as new Build Order

SamuraiFunn Protoss - Winner!

Build Orders: 1 Gate Expand 

Get SALT Encoding   

  12  0:02  Probe  
  13  0:19  Probe  
  14  0:22  Pylon  
  14  0:31  Probe (Chrono Boost)  
  16  0:43  Probe (Chrono Boost)  
  16  0:48  Gateway  
  17  0:50  Probe (Chrono Boost)  
  17  0:57  Probe  
  18  1:09  Probe  
  18  1:11  Assimilator  
  19  1:14  Pylon  
  19  1:22  Probe  
  20  1:35  Nexus  
  20  1:37  Probe  
  21  1:41  Zealot  
  23  1:49  Probe  
  24  2:02  Cybernetics Core  
  24  2:05  Probe  
  25  2:12  Assimilator  
  25  2:13  Zealot  
  27  2:17  Probe  
  27  2:21  Pylon  
  28  2:29  Probe  
  29  2:32  Gateway  
  29  2:39  Warp Gate (Chrono Boost)  
  30  2:44  Zealot  
  30  2:50  Probe x2  
  33  3:02  Probe x2  
  35  3:11  Stalker  
  37  3:14  Probe x2  
  37  3:19  Stalker  
  41  3:26  Robotics Facility  
  41  3:28  Probe x2  
  43  3:40  Probe x2  
  45  3:46  Robotics Facility  
  45  3:52  Probe x2  
  45  3:54  Stalker  
  49  3:55  Stalker  
  49  4:01  Pylon  
  51  4:04  Probe x2  
  53  4:16  Probe  
  54  4:18  Assimilator  
  54  4:19  Probe  
  54  4:22  Pylon  
  55  4:24  Assimilator  
  55  4:26  Observer  
  55  4:28  Probe  
  57  4:31  Probe  
  58  4:40  Probe  
  58  4:42  Gateway  
  58  4:43  Probe  
  60  4:52  Probe  
  61  4:55  Probe  
  62  5:00  Nexus  
  62  5:03  Pylon  
  62  5:04  Probe, Stalker x2  
  67  5:07  Probe  
  68  5:14  Observer  
  69  5:21  Pylon, Immortal  
  69  5:23  Probe x2  
  75  5:37  Probe x2  
  77  5:49  Probe x2  
  79  5:50  Gateway x2  
  79  5:52  Gateway  
  79  5:54  Immortal  
  83  6:01  Probe x2  
  85  6:11  Immortal  
  85  6:13  Pylon  
  85  6:15  Pylon  
  89  6:19  Stalker x2  
  89  6:20  Pylon  
  93  6:30  Probe x3  
  96  6:33  Immortal  
  100  6:43  Stalker x2  
  84  7:01  Stalker x2  
  84  7:02  Stalker  
  84  7:06  Immortal  
  92  7:17  Immortal  
  96  7:33  Stalker x5  
  106  7:40  Robotics Bay, Twilight Council  
  106  7:42  Probe x2  
  106  7:43  Probe  
  109  7:45  Stalker  
  109  7:47  Immortal  
  115  7:55  Forge  
  115  7:56  Forge  
  115  7:59  Forge  
  115  8:11  Immortal  
  119  8:15  Stalker x3  
  119  8:18  Pylon  
  125  8:21  Pylon  
  125  8:31  Pylon  
  125  8:34  Pylon  
  125  8:36  Probe x3, Pylon, Immortal  
  125  8:40  Pylon  
  125  8:41  Protoss Ground Armor Level 1 (Chrono Boost), Protoss Ground Weapons Level 1 (Chrono Boost)  
  132  8:46  Protoss Shields Level 1 (Chrono Boost)  
  132  8:53  Assimilator  
  132  8:56  Assimilator  
  132  8:57  Nexus  
  132  9:00  Assimilator, Stalker x4  
  132  9:02  Assimilator  
  138  9:29  Observer x2  
  140  9:34  Stalker x3  
  140  9:35  Stalker x2  
  150  9:49  Stalker  
  150  9:51  Immortal  
  156  10:07  Zealot  
  156  10:08  Zealot x4  
  156  10:12  Protoss Ground Weapons Level 2 (Chrono Boost)  
  156  10:13  Protoss Ground Armor Level 2 (Chrono Boost)  
  166  10:16  Gateway  
  166  10:17  Gateway  
  166  10:19  Gateway  
  166  10:21  Gateway  
  166  10:24  Gateway, Protoss Shields Level 2 (Chrono Boost)  
  166  10:34  Blink (Chrono Boost)  
  146  11:05  Stalker x2  
  146  11:06  Stalker x4  
  146  11:08  Colossus  
  160  11:59  Stalker x3  
  160  12:00  Stalker x5  
  160  12:01  Stalker x3  
Show
View Real Time Build Order
Export as new Build Order

A.I. 1 (Harder) Terran 

Build Orders: MMM Bio 

Get SALT Encoding   

  12  0:00  SCV  
  13  0:13  SCV  
  14  0:18  Supply Depot  
  14  0:25  SCV  
  15  0:39  SCV  
  16  0:44  Barracks  
  16  0:49  Refinery  
  16  0:51  SCV  
  17  1:03  SCV  
  18  1:15  SCV  
  19  1:22  Supply Depot  
  19  1:28  SCV  
  19  1:31  Marine  
  21  1:41  Barracks, Orbital Command  
  21  1:51  Barracks Tech Lab, Refinery  
  21  2:07  Supply Depot  
  21  2:09  Marine  
  22  2:27  Marine  
  22  2:29  Marine  
  24  2:40  Supply Depot  
  24  2:45  Marine  
  24  2:47  Marine  
  26  3:02  Marine  
  26  3:05  Marine  
  28  3:14  Supply Depot  
  28  3:21  SCV, Marauder  
  28  3:23  Marine  
  32  3:33  SCV  
  33  3:34  Engineering Bay  
  33  3:41  Marine  
  34  3:44  Marauder  
  34  3:45  SCV  
  37  3:57  SCV  
  38  4:05  Marauder  
  41  4:10  SCV  
  41  4:12  Supply Depot  
  41  4:22  SCV  
  42  4:26  Marauder  
  44  4:48  Marauder  
  46  5:09  Marauder  
  48  5:30  Marauder  
  50  6:04  Barracks Tech Lab, Reaper  
  50  6:05  Terran Infantry Weapons Level 1, Stimpack  
  50  6:06  Factory  
  50  6:08  Factory  
  50  6:10  Missile Turret  
  51  6:11  Ghost Academy  
  51  6:13  Command Center, Missile Turret  
  51  6:15  Barracks  
  51  6:17  Supply Depot  
  51  6:21  Combat Shields, Marine  
  52  6:36  Marine  
  52  6:39  Marine, Bunker  
  52  6:50  Factory Tech Lab  
  52  6:53  Starport  
  46  6:54  Marine  
  46  6:57  Starport, Marine, Factory Tech Lab  
  38  7:01  Marine  
  33  7:12  Marine  
  33  7:15  Marine  
  35  7:19  Marine  
  36  7:29  Marine  
  36  7:30  SCV x2  
  36  7:32  Ghost  
  36  7:33  Starport Tech Lab x2, Refinery  
  41  7:37  Marine  
  41  7:42  SCV  
  43  7:45  SCV  
  43  7:48  Marauder  
  46  7:54  SCV  
  46  7:55  Marine  
  46  7:57  SCV  
  49  7:59  Terran Infantry Armor Level 1  
  49  8:02  Marauder  
  50  8:06  SCV, Raven  
  50  8:09  SCV, Marine  
  55  8:13  Marine  
  55  8:16  Raven  
  55  8:19  SCV  
  59  8:20  Refinery  
  59  8:22  SCV  
  59  8:23  Reaper  
  61  8:27  Marauder  
  61  8:28  Concussive Shells  
  61  8:30  Marine  
  61  8:31  SCV  
  61  8:34  SCV  
  66  8:39  Missile Turret  
  66  8:43  SCV  
  66  8:44  Missile Turret  
  66  8:46  SCV  
  70  8:48  Marine, Marauder  
  70  8:55  SCV, Marauder  
  74  8:58  SCV, Sensor Tower  
  75  9:04  Supply Depot  
  75  9:07  SCV  
  78  9:10  SCV, Marauder  
  78  9:15  Bunker  
  79  9:19  SCV  
  79  9:22  SCV  
  79  9:23  Armory  
  81  9:24  Barracks Reactor  
  81  10:07  Medivac  
  81  10:08  Medivac, Marauder  
  81  10:11  Marauder  
  81  10:13  Factory, Terran Infantry Weapons Level 2  
  89  10:16  Starport  
  89  10:19  Supply Depot, Command Center  
  89  10:37  Raven  
  89  10:38  Medivac  
  93  10:43  Supply Depot  
  93  10:44  Marine  
  93  10:46  Marine  
  93  10:49  Marine  
  76  10:52  Starport Reactor, Marine  
  76  10:56  Factory Tech Lab  
  65  11:01  Marine  
  66  11:05  Marauder  
  66  11:07  Marine  
  66  11:10  Marine  
  70  11:19  Marine  
  70  11:22  Raven  
  70  11:25  Medivac, Marine  
  66  11:26  Marine  
  66  11:28  Medivac, Marine  
  66  11:33  Refinery  
  66  11:37  Marine  
  54  11:41  Viking  
  54  11:43  Marine x2  
  54  11:46  Marine  
  32  11:55  Marauder  
  32  12:01  Marine  
  25  12:02  Marauder  
  25  12:03  Marine  
  25  12:14  SCV  
Tags
 
Composition
MMM Bio
League
Platinum
Matchup
PvT
Replay Pack
First 100 games
Spawn Locations
Cross Positions
Add a new tag
Caveats
  • Supply blocks, unpowered buildings, or Contaminate may cause inaccurate times.
  • Supply counts are checked every 10 seconds.